 Dungeon Crawl Stone Soup version 0.23.2-30-g0e89c35649 (webtiles) character file.

Game seed: 11677011370676432036

1922 KamiKatze the Covert (level 8, 0/40 HPs)
             Began as a Spriggan Assassin on June 17, 2019.
             Was an Initiate of Dithmenos.
             Slain by Harold
             ... wielding a +4 war axe of freezing
              (22 damage)
             ... on level 6 of the Dungeon.
             The game lasted 00:44:16 (8122 turns).

KamiKatze the Covert (Spriggan Assassin)            Turns: 8122, Time: 00:44:17

Health: 0/40       AC:  4    Str:  7    XL:     8   Next: 96%
Magic:  16/16      EV: 21    Int: 13    God:    Dithmenos [......]
Gold:   324        SH:  3    Dex: 19    Spells: 13/17 levels left

rFire    + . .     SeeInvis +   b - +0 blowgun
rCold    + . .     Gourm    .   (shield restricted)
rNeg     . . .     Faith    .   c - +0 robe
rPois    .         Spirit   .   (helmet restricted)
rElec    .         Reflect  +   d - +1 cloak
rCorr    .         Harm     .   (gloves unavailable)
MR       +....                  (boots unavailable)
Stlth    ++++......             o - +3 amulet of reflection
HPRegen  0.13/turn              z - ring of protection from cold
MPRegen  0.15/turn              J - ring of protection from fire

@: lightly drained, very quick
A: very small, unfitting armour, see invisible, herbivore, speed 3, slow
metabolism 2
a: Renounce Religion


You were on level 6 of the Dungeon.
You worshipped Dithmenos.
Dithmenos was noncommittal.
You were not hungry.

You visited 2 branches of the dungeon, and saw 8 of its levels.
You also visited: Sewer.

You collected 324 gold pieces.

Inventory:

Hand Weapons
 a - a +2 dagger
 b - a +0 blowgun (weapon)
Missiles
 e - 23 poisoned needles (quivered)
 i - 30 stones
 n - a throwing net
 u - 4 tomahawks
 y - 10 sling bullets
 H - 97 arrows
 O - 3 tomahawks of returning
Armour
 c - a +0 robe (worn)
 d - a +1 cloak (worn)
Magical Staves
 C - an uncursed staff of cold
 Q - an uncursed staff of death
Jewellery
 m - an uncursed ring of fire
 o - a +3 amulet of reflection (around neck)
 z - a ring of protection from cold (left hand)
 J - a ring of protection from fire (right hand)
 K - an uncursed ring of ice
Wands
 A - a wand of flame (18)
 G - a wand of clouds (5)
 L - a wand of polymorph (9)
 M - a wand of iceblast (21)
 R - a wand of acid (8)
Scrolls
 f - a scroll of enchant armour
 h - 2 scrolls of fog
 j - a scroll of random uselessness {unknown}
 p - 3 scrolls of remove curse
 r - 4 scrolls of magic mapping
 v - 3 scrolls of teleportation {unknown}
 w - a scroll of enchant weapon {unknown}
 N - a scroll of fear {unknown}
 P - a scroll of immolation {unknown}
Potions
 k - a potion of magic {unknown}
 l - a potion of mutation
 q - 5 potions of might
 s - 2 potions of lignification
 t - 4 potions of heal wounds
 x - 2 potions of ambrosia
 D - a potion of flight {unknown}
 E - 2 potions of curing
 F - 2 potions of haste
 I - a potion of berserk rage {unknown}
Comestibles
 g - 8 rations


   Skills:
 + Level 3.3(3.2) Fighting
 * Level 5.7(5.6) Short Blades
 + Level 4.4(4.3) Throwing
 + Level 5.3(5.2) Dodging
 + Level 8.3(8.2) Stealth
 * Level 5.0(4.9) Spellcasting
 * Level 5.1(5.0) Hexes
 * Level 4.7(4.6) Transmutations


You had 13 spell levels left.
You knew the following spells:

 Your Spells              Type           Power        Failure   Level  Hunger
a - Slow                  Hex            ###.....     3%          2    ##.....
b - Sticks to Snakes      Tmut           ###.....     4%          2    ##.....

Your spell library contained the following spells:

 Spells                   Type           Power        Failure   Level  Hunger
 Beastly Appendage        Tmut           ###...       2%          1    None
 Magic Dart               Conj           #...         19%         1    None
 Spider Form              Tmut/Pois      #.........   22%         3    ###....
 Blink                    Tloc           N/A          28%         2    ##.....
 Call Imp                 Summ           #.......     28%         2    ##.....
 Conjure Flame            Conj/Fire      #.......     50%         3    ###....
 Mephitic Cloud           Conj/Pois/Air  #.......     50%         3    ###....
 Ice Form                 Ice/Tmut       #.......     58%         4    ####...
 Blade Hands              Tmut           ###.......   58%         5    ######.


Dungeon Overview and Level Annotations

Branches:
Dungeon (7/15)             Temple (1/1) D:6

Altars:
Ashenzari
Cheibriados
Dithmenos
Elyvilon
Fedhas
Gozag
Hepliaklqana
Kikubaaqudgha
Makhleb
Nemelex Xobeh
Okawaru
Qazlal
Ru
Sif Muna
Trog
Uskayaw
Vehumet
Wu Jian
Xom
Yredelemnul
Zin
The Shining One

Shops:
D:5 (

Annotations:
D:6 Harold
D:7 exclusions: gnoll and skeleton


Innate Abilities, Weirdness & Mutations

You are very small and have problems with some larger weapons.
You are too small for most types of armour.
You have supernaturally acute eyesight. (SInv)
You are a herbivore.
You cover ground extremely quickly.
You need to consume almost no food.


Message History

Unknown command.
Harold drinks a potion.
Harold flickers and vanishes for a moment.
You climb upwards.
There is a stone staircase leading down here.
b - a +0 blowgun (weapon)
Firing (i - inventory. (/) - cycle)
S - a curare-tipped needle (quivered)
Press: ? - help, Shift-Dir - straight line, f - Harold
Aim: Harold, wielding a +4 war axe of freezing and wearing a +0 scale mail (slightly transparent)
You shoot a curare-tipped needle.
The curare-tipped needle completely misses Harold.
Harold completely misses you.
Firing (i - inventory. (/) - cycle)
e - 24 poisoned needles (quivered)
Press: ? - help, Shift-Dir - straight line, f/p - Harold
Aim: Harold, wielding a +4 war axe of freezing and wearing a +0 scale mail (slightly transparent)
You shoot a poisoned needle. The poisoned needle hits Harold.
Harold is poisoned.
Harold hits you with a +4 war axe of freezing!!
Ouch! That really hurt!
You die...

######## ####......###
### ####
#..........@#####.## #...
#.##........@......# #...
######.##.#....#.#####.##
#.## #..............#.#
#.#######.##
#.####.#......##.#
##.##...##.##
#.####.####......#
#........#... .......#
##.##### #........#...
#.###..####...##
#........####
#.###..........##
#####...## #


You could see Harold (invisible).

Vanquished Creatures
  Eustachio (D:6)
  A hungry ghost (D:6)
  2 orc warriors (D:6)
  A black bear (D:5)
  A sky beast (D:6)
  2 centaurs
  An ogre (D:4)
  3 bullfrogs
  3 scorpions
  A water moccasin skeleton (D:6)
  2 killer bees (D:6)
  A crimson imp (D:5)
  A hound (D:4)
  A bullfrog zombie (D:5)
  2 orc priests
  A bullfrog skeleton (D:4)
  Jessica (D:3)
  2 iguanas
  4 orc wizards
  A howler monkey zombie (D:5)
  6 adders
  A river rat (Sewer)
  A shadow imp (D:5)
  An ooze (D:1)
  An adder zombie (D:6)
  An adder skeleton (D:6)
  3 worms
  A dart slug (D:2)
  7 leopard geckos
  11 orcs
  9 bats
  5 giant cockroaches
  5 goblins
  7 hobgoblins
  11 jackals
  5 quokkas
  5 ball pythons
  11 frilled lizards
  15 kobolds
  A leopard gecko zombie (D:6)
  A quokka skeleton (D:5)
  11 rats
151 creatures vanquished.

Vanquished Creatures (collateral kills)
  An orc (D:6)
1 creature vanquished.

Grand Total: 152 creatures vanquished

Notes
Turn   | Place    | Note
-------+----------+-------------------------------------------
     0 | D:1      | KamiKatze the Spriggan Assassin began the quest for the
                  | Orb.
     0 | D:1      | Reached XP level 1. HP: 10/10 MP: 2/2
   187 | D:1      | Reached skill level 6 in Stealth
   210 | D:1      | Reached XP level 2. HP: 9/15 MP: 3/3
   727 | D:1      | Reached XP level 3. HP: 16/18 MP: 4/4
  1929 | D:3      | Found a basalt altar of Yredelemnul.
  1932 | D:3      | Reached XP level 4. HP: 13/23 MP: 5/5
  2237 | D:3      | Noticed Jessica
  3202 | D:3      | Killed Jessica
  3202 | D:3      | Reached XP level 5. HP: 21/26 MP: 6/6
  3223 | D:3      | Learned a level 2 spell: Slow
  3488 | D:4      | Reached skill level 1 in Hexes
  3573 | D:4      | Reached skill level 1 in Spellcasting
  3620 | D:4      | You fall through a shaft for 2 floors!
  3640 | D:5      | Entered Level 5 of the Dungeon
  3711 | D:5      | Found a glowing drain.
  3715 | Sewer    | Entered a sewer
  4134 | D:4      | Noticed an ogre
  4180 | D:4      | Killed an ogre
  4180 | D:4      | Reached skill level 7 in Stealth
  4180 | D:4      | Reached XP level 6. HP: 31/31 MP: 7/9
  4688 | D:5      | Found Baduurru's Weapon Shoppe.
  4714 | D:5      | Learned a level 2 spell: Sticks to Snakes
  4902 | D:5      | Reached skill level 1 in Transmutations
  4902 | D:5      | Reached XP level 7. HP: 35/35 MP: 11/11
  5709 | D:6      | Found a staircase to the Ecumenical Temple.
  5718 | Temple   | Entered the Ecumenical Temple
  5841 | Temple   | Became a worshipper of Dithmenos the Shadowed
  6113 | D:6      | Noticed Eustachio
  6488 | D:6      | Reached XP level 8. HP: 26/39 MP: 14/14
  6634 | D:6      | Reached skill level 5 in Short Blades
  7090 | D:6      | Killed Eustachio
  7173 | D:6      | Reached skill level 5 in Dodging
  7173 | D:6      | Reached skill level 8 in Stealth
  7819 | D:7      | Reached skill level 5 in Hexes
  7925 | D:6      | Reached skill level 5 in Spellcasting
  8011 | D:7      | Noticed Harold
  8122 | D:6      | Slain by Harold

Skill      XL: |  1  2  3  4  5  6  7  8 |
---------------+-------------------------+-----
Stealth        | 6 7 8 |  8.3
Dodging        | 2 3 4 5 |  5.3
Fighting       | 2 3 |  3.3
Short Blades   | 3 4 5 |  5.7
Throwing       | 3 4 |  4.4
Hexes          | 1 2 3 5 |  5.1
Spellcasting   | 1 2 3 5 |  5.0
Transmutations | 1 3 4 |  4.7

Action                   |  1- 3 |  4- 6 |  7- 9 || total
-------------------------+-------+-------+-------++-------
Melee: Dagger            |   174 |   214 |   310 ||   698
 Fire: Blowgun           |       |    44 |    74 ||   118
Throw: Stone             |    56 |    34 |       ||    90
       Tomahawk          |     5 |    18 |     6 ||    29
       Throwing net      |     1 |     1 |       ||     2
 Cast: Sticks to Snakes  |       |       |     6 ||     6
       Slow              |       |       |     3 ||     3
  Use: Scroll            |       |     9 |     3 ||    12
 Stab: Sleeping          |    15 |    10 |    12 ||    37
       Distracted        |     1 |     1 |       ||     2
       Held in net/web   |       |     1 |       ||     1
  Eat: Ration            |       |     1 |     2 ||     3
Armor: Robe              |    11 |    13 |    15 ||    39
Dodge: Dodged            |   115 |   139 |   212 ||   466
Block: Other             |    11 |    23 |    36 ||    70
       Reflection        |       |     1 |     1 ||     2
